 Dungeon Crawl Stone Soup version 0.20.1-1-g8b1a95d (webtiles) character file.

910 ZaListios the Basher (level 7, -3/62 HPs)
             Began as a Minotaur Berserker on Oct 28, 2017.
             Was a Priest of Trog.
             Killed by divine providence
             ... invoked by an orc priest
              (13 damage)
             ... on level 6 of the Dungeon.
             The game lasted 00:24:57 (4794 turns).

ZaListios the Basher (Minotaur Berserker)           Turns: 4794, Time: 00:24:58

Health: -3/62      AC:  7    Str: 23    XL:     7   Next: 81%
Magic:  6/6        EV: 12    Int:  5    God:    Trog [***...]
Gold:   387        SH:  2    Dex:  9    Spells: 6/6 levels left

rFire    . . .     SeeInvis .   a - +1 mace
rCold    . . .     Gourm    .   (no shield)
rNeg     . . .     Faith    .   t - +1 ring mail {MR+}
rPois    .         Spirit   .   (helmet restricted)
rElec    .         Reflect  +   (no cloak)
rCorr    .         Harm     .   (no gloves)
MR       +....                  (no boots)
Stlth    +.........             k - +2 amulet of reflection
Regen    0.2/turn               (no ring)
MPRegen  0.1/turn               (no ring)

@: berserk cooldown, slowed, very slow
A: retaliatory headbutt, horns 2
a: Berserk, Trog's Hand, Burn Spellbooks, Renounce Religion


You were on level 6 of the Dungeon.
You worshipped Trog.
Trog was most pleased with you.
You were very hungry.

You visited 1 branch of the dungeon, and saw 6 of its levels.

You collected 387 gold pieces.

Inventory:

Hand Weapons
 a - a +1 mace (weapon)
Armour
 b - a +0 animal skin
 t - a +1 ring mail of magic resistance (worn)
Jewellery
 k - a +2 amulet of reflection (around neck)
 q - an uncursed amulet of guardian spirit
Scrolls
 g - a scroll of remove curse
 i - a scroll of identify
 o - a scroll of teleportation
 p - a scroll of blinking
 s - a scroll of enchant armour {unknown}
Potions
 e - a potion of might {unknown}
 f - a potion of flight
 j - 2 potions of haste {unknown}
 l - 3 potions of curing {unknown}
 m - a potion of resistance {unknown}
 n - 2 potions of berserk rage {unknown}
 u - a potion of degeneration {unknown}
 v - a potion of magic {unknown}
Comestibles
 c - 3 bread rations
 d - 3 meat rations
 h - 2 royal jellies
 r - a fruit


   Skills:
 + Level 5.9 Fighting
 + Level 8.1 Maces & Flails
 + Level 5.4 Armour
 + Level 3.9 Dodging
 + Level 1.0 Stealth


You had 6 spell levels left.
You didn't know any spells.

Dungeon Overview and Level Annotations

Branches:
Dungeon (6/15)             Temple (0/1) D:5

Altars:
The Shining One


Innate Abilities, Weirdness & Mutations

You reflexively headbutt those who attack you in melee.
You have a pair of horns on your head.


Message History

You furiously retaliate!
You headbutt the orc warrior, but do no damage.
The orc misses you. You furiously retaliate!
You headbutt the orc, but do no damage.
The orc priest hits you but does no damage.
The orc warrior hits you with a flail!
* * * LOW HITPOINT WARNING * * *
The orc priest casts a cantrip, but nothing happens.
The orc wizard closely misses you. You block the centaur zombie's attack.
You barely miss the orc warrior.
The orc warrior is almost dead.
The orc wizard hits you with a dagger.
* * * LOW HITPOINT WARNING * * *
The orc warrior hits you with a flail.
* * * LOW HITPOINT WARNING * * *
The orc priest hits you but does no damage.
The centaur zombie hits you but does no damage.
The orc priest calls down the wrath of Beogh upon you.
Beogh smites you!
You die... ... ... ......#+# w.....+.. ......#.## .....ll.# .FZ#oZ# #o#@o# #oooo# #oooo#

##Fo.#
...>....<
#oo##......#
#.. .......+
#Z .....Z.#
#. .......+


You could see 2 orc warriors, a bullfrog, 2 orc priests, 2 orc wizards, 6 orcs,
a hound zombie (wandering), a bullfrog zombie (wandering), a centaur zombie and
2 leopard geckos.

Vanquished Creatures
  Grinder (D:3)
  2 centaurs (D:5)
  A crimson imp (D:5)
  2 orc wizards (D:5)
  3 orc priests
  A bullfrog skeleton (D:5)
  Natasha (thrice) (D:2)
  2 iguanas
  3 worker ants (D:5)
  3 gnolls (D:5)
  3 adders (D:2)
  4 worms
  2 dart slugs
  3 leopard geckos
  7 orcs
  7 bats
  A giant cockroach (D:2)
  7 goblins
  8 hobgoblins
  2 jackals (D:3)
  12 kobolds
  2 quokkas
  3 ball pythons
  3 frilled lizards
  7 rats
92 creatures vanquished.

Notes
Turn   | Place    | Note
-------+----------+-------------------------------------------
     0 | D:1      | ZaListios the Minotaur Berserker began the quest for the Orb.
     0 | D:1      | Reached XP level 1. HP: 19/19 MP: 0/0
   129 | D:1      | Reached XP level 2. HP: 25/27 MP: 1/1
   251 | D:1      | Reached skill level 4 in Maces & Flails
   664 | D:1      | Reached XP level 3. HP: 33/33 MP: 2/2
   717 | D:2      | Noticed Natasha
   722 | D:2      | Killed Natasha
   867 | D:2      | Reached ** piety under Trog
   893 | D:2      | Reached XP level 4. HP: 34/41 MP: 3/3
   907 | D:2      | Noticed Natasha
   911 | D:2      | Killed Natasha
   926 | D:2      | Noticed Natasha
   935 | D:2      | Killed Natasha
   935 | D:2      | Reached skill level 5 in Maces & Flails
  1127 | D:2      | Reached XP level 5. HP: 35/47 MP: 4/4
  1731 | D:3      | Found a glowing golden altar of the Shining One.
  1986 | D:3      | Reached skill level 5 in Fighting
  2279 | D:3      | Reached skill level 6 in Maces & Flails
  2326 | D:3      | Noticed Grinder
  2332 | D:3      | Paralysed by Grinder for 6 turns
  2362 | D:3      | Killed Grinder
  2362 | D:3      | Reached XP level 6. HP: 22/56 MP: 5/5
  2794 | D:4      | Reached skill level 7 in Maces & Flails
  3250 | D:4      | You fall through a shaft!
  3250 | D:5      | Entered Level 5 of the Dungeon
  3256 | D:5      | Reached XP level 7. HP: 50/61 MP: 6/6
  3308 | D:5      | Reached *** piety under Trog
  3614 | D:5      | Reached skill level 5 in Armour
  3614 | D:5      | Reached skill level 1 in Stealth
  4067 | D:5      | Found a staircase to the Ecumenical Temple.
  4365 | D:5      | Reached skill level 8 in Maces & Flails
  4794 | D:6      | Killed from afar by an orc priest

Skill      XL: |  1  2  3  4  5  6  7 |
---------------+----------------------+-----
Fighting       | 4 5 |  5.9
Maces & Flails | 4 5 6 7 8 |  8.1
Armour         | 3 4 5 |  5.4
Dodging        | 3 |  3.9
Stealth        | 1 |  1.0

Action                   |  1- 3 |  4- 6 |  7- 9 || total
-------------------------+-------+-------+-------++-------
Melee: Mace              |    74 |    88 |    47 ||   209
       Headbutt          |    16 |    14 |    13 ||    43
Invok: Berserk           |       |     3 |     2 ||     5
Evoke: Wand              |       |       |     1 ||     1
  Use: Scroll            |     3 |     6 |     3 ||    12
  Eat: Chunk             |       |     8 |       ||     8
       Bread ration      |       |     1 |       ||     1
       Royal jelly       |       |       |     1 ||     1
       Fruit             |       |       |     1 ||     1
Armor: Animal skin       |     7 |       |       ||     7
       Ring mail         |    17 |    30 |    24 ||    71
Dodge: Dodged            |    60 |    56 |    42 ||   158
Block: Other             |       |     5 |     6 ||    11
       Reflection        |       |       |     1 ||     1
